 Dungeon Crawl Stone Soup version 0.29.1-2-gbd0b4ee654 (webtiles) character file.

Game seed: 17351641805015401280

244 xian the Caller (level 5, -1/35 HPs)
             Began as a Demonspawn Summoner on Nov 22, 2022.
             Slain by a river rat (6 damage)
             ... on level 3 of the Dungeon.
             The game lasted 00:08:08 (1963 turns).

xian the Caller (Demonspawn Summoner)               Turns: 1963, Time: 00:08:09

Health: -1/35      AC:  4    Str:  8    XL:     5   Next: 83%
Magic:  16/19      EV: 12    Int: 18    God:
Gold:   134        SH:  0    Dex: 14    Spells: 2/11 levels left

rFire   . . .      SeeInvis .   c - +0 mace (spect)
rCold   . . .      Faith    .   (no shield)
rNeg    . . .      Spirit   .   a - +0 robe
rPois   .          Reflect  .   (helmet restricted)
rElec   .          Harm     .   (no cloak)
rCorr   .          Rampage  .   (no gloves)
Will    .....                   (no boots)
Stlth   ++........              (no amulet)
HPRegen 0.11/turn               q - ring of magical power
MPRegen 0.16/turn               (no ring)

@: no status effects
A: horns 2, icy blue scales 1
a: no special abilities


You were on level 3 of the Dungeon.
You visited 1 branch of the dungeon, and saw 3 of its levels.

You collected 134 gold pieces.

Inventory:

Hand Weapons
 c - a +0 spectral mace (weapon)
Missiles
 e - 4 poisoned darts (quivered)
Armour
 a - a +0 robe (worn)
 f - an orb of energy
Jewellery
 q - a ring of magical power (left hand)
Scrolls
 g - a scroll of fog
 i - a scroll of teleportation
 l - a scroll of poison {unknown}
 o - a scroll of enchant weapon {unknown}
 r - a scroll of enchant armour
Potions
 b - a potion of magic
 d - a potion of resistance {unknown}
 h - 2 potions of brilliance {unknown}
 j - 2 potions of curing {unknown}
 k - a potion of mutation {unknown}
 m - a potion of lignification {unknown}
 n - a potion of invisibility {unknown}
 p - a potion of might {unknown}


   Skills:
 + Level 0.2 Fighting
 + Level 1.0 Maces & Flails
 + Level 2.5 Dodging
 + Level 2.0 Stealth
 + Level 3.6 Spellcasting
 + Level 5.3 Summonings
 * Level 1.0 Evocations


You had 2 spell levels left.
You knew the following spells:

 Your Spells              Type           Power      Damage    Failure   Level
a - Summon Small Mammal   Summ           88%        N/A       1%          1
b - Call Imp              Summ           22%        N/A       2%          2
c - Call Canine Familiar  Summ           22%        N/A       4%          3
d - Summon Guardian Gole  Hex/Summ       13%        N/A       16%         3

Your spell library contained the following spells:

 Spells                   Type           Power      Damage    Failure   Level
 Shock                    Conj/Air       12%        1d3       16%         1
 Summon Lightning Spire   Summ/Air       13%        N/A       45%         4


Dungeon Overview and Level Annotations

Branches:
Dungeon (3/15)

Altars:
Cheibriados
Makhleb

Shops:
D:3 (

Portals:
Sewer: D:3


Innate Abilities, Weirdness & Mutations

You have a pair of horns on your head.
You are partially covered in icy blue scales. (AC +2)


Message History

The giant cockroach closely misses you.
Your quokka bites the river rat.
The river rat bites you!
The giant cockroach bites you but does no damage.
Unknown command.
Unknown command.
You closely miss the river rat. You headbutt the river rat.
The river rat is heavily wounded.
The giant cockroach bites you. The river rat closely misses you.
The river rat bites you but does no damage.
The rat bites you but does no damage.
Your quokka bites the giant cockroach.
Unknown command.
Casting: Summon Small Mammal (safe; 1% risk of failure)
Confirm with . or Enter, or press ? or * to list all spells.
The giant cockroach barely misses your quokka.
The river rat barely misses you. The river rat bites you.
Your quokka closely misses the giant cockroach.
The rat barely misses you.
The giant cockroach closely misses your quokka.
You barely miss the giant cockroach.
The giant cockroach is severely wounded.
Your quokka disappears in a puff of smoke!
The river rat barely misses you. The river rat bites you.
Your hound bites the river rat.
The rat closely misses you. The giant cockroach closely misses you.
The river rat bites you.
* * * LOW HITPOINT WARNING * * *
The river rat closely misses you.
Your hound barely misses the river rat.
You hit the giant cockroach.
You kill the giant cockroach!
The rat bites you.
* * * LOW HITPOINT WARNING * * *
Your hound barely misses the river rat.
The river rat barely misses you. The river rat bites you.
* * * LOW HITPOINT WARNING * * *
The rat closely misses you.
Your Maces & Flails skill increases to level 1!
Unknown command.
Your hound bites the river rat.
The river rat bites you.
* * * LOW HITPOINT WARNING * * *
The river rat bites you.
You die...

#.#
**#_#**_***
#.# **# ***
#.# #.# #.#
* ###.# *
####...# *
#~.....#
#~~~hr@#
#~~~~r.#
#~~~~r.#
#∩~~~~##
######*


You could see 2 river rats, a rat and a friendly hound (summoned).

Vanquished Creatures
  2 adders (D:2)
  A dart slug (D:1)
  3 ball pythons
  An endoplasm (D:1)
  2 giant cockroaches
  A goblin (D:1)
  2 hobgoblins (D:1)
  A quokka (D:2)
  2 kobolds
  2 rats
17 creatures vanquished.

Vanquished Creatures (collateral kills)
  An ogre (D:3)
  Natasha (thrice) (D:2)
  A dart slug (D:1)
  5 bats
  3 endoplasms (D:2)
  2 giant cockroaches (D:1)
  6 goblins
  6 hobgoblins
  4 kobolds
  2 quokkas (D:2)
  4 ball pythons (D:1)
  4 rats
41 creatures vanquished.

Grand Total: 58 creatures vanquished

Notes
Turn   | Place    | Note
-------+----------+-------------------------------------------
     0 | D:1      | xian the Demonspawn Summoner began the quest for the Orb.
     0 | D:1      | Reached XP level 1. HP: 13/13 MP: 3/3
   100 | D:1      | Gained mutation: You have a pair of small horns on your
                  | head. [demonic ancestry]
   100 | D:1      | Reached XP level 2. HP: 17/19 MP: 1/5
   119 | D:1      | Learned a level 2 spell: Call Imp
   408 | D:1      | Gained mutation: You have a pair of horns on your head.
                  | [demonic ancestry]
   408 | D:1      | Reached XP level 3. HP: 15/24 MP: 6/6
   444 | D:1      | Found a faded altar of an unknown god.
   457 | D:1      | Got Plato's Parchment of Breath
   929 | D:1      | Learned a level 3 spell: Call Canine Familiar
  1038 | D:2      | Noticed Natasha
  1054 | D:2      | Killed Natasha
  1055 | D:2      | Gained mutation: You are partially covered in icy blue
                  | scales. (AC +2) [demonic ancestry]
  1055 | D:2      | Reached XP level 4. HP: 21/30 MP: 6/8
  1070 | D:2      | Noticed Natasha
  1080 | D:2      | Killed Natasha
  1282 | D:2      | Noticed Natasha
  1291 | D:2      | Killed Natasha
  1292 | D:2      | Reached skill level 5 in Summonings
  1307 | D:2      | Learned a level 3 spell: Summon Guardian Golem
  1341 | D:2      | Reached XP level 5. HP: 5/35 MP: 7/10
  1876 | D:3      | Found Tol Jaef's Antique Weapon Shop.
  1918 | D:3      | Noticed an ogre
  1925 | D:3      | Killed an ogre
  1926 | D:3      | Reached skill level 1 in Evocations
  1942 | D:3      | Found a snail-covered altar of Cheibriados.
  1943 | D:3      | Found a burning altar of Makhleb.
  1950 | D:3      | Found a glowing drain.
  1963 | D:3      | Reached skill level 1 in Maces & Flails
  1963 | D:3      | Slain by a river rat

Illustrated notes

Levels and vault maps discovered:
D:1:      sevenhm_arrival_forest_fort_large_2, layout_basic,
          shapermc_ecumenical_altar_rom_forum
D:2:      layout_basic, uniq_natasha
D:3:      layout_loops_cross, nicolae_overflow_hidden_temple,
          portal_sewer_entry_b, serial_shops, shop

Skill      XL: |  1  2  3  4  5 |
---------------+----------------+-----
Dodging        | 2 |  2.5
Spellcasting   | 3 |  3.6
Summonings     | 5 |  5.3
Stealth        | 2 |  2.0
Evocations     | 1 |  1.0
Maces & Flails | 1 |  1.0
Fighting       | |  0.2

Action                   |  1- 3 |  4- 6 || total
-------------------------+-------+-------++-------
Melee: Mace              |    39 |    20 ||    59
       Headbutt          |     4 |     6 ||    10
 Cast: Summon Small Mamm |    18 |     2 ||    20
       Call Imp          |     7 |     2 ||     9
       Call Canine Famil |     2 |     5 ||     7
       Summon Guardian G |       |     1 ||     1
  Use: Scroll            |     3 |     3 ||     6
 Stab: Sleeping          |     1 |       ||     1
       Distracted        |       |     1 ||     1
Armor: Robe              |    11 |    16 ||    27
Dodge: Dodged            |    36 |    44 ||    80
